 Dungeon Sprint DCSS version 0.30-a0-4-ga7cffc901d (webtiles) character file.

Game seed: 7199008728302914174

1316 enile the Nimble (level 8, -3/45 HPs)
             Began as a Felid Summoner on Aug 21, 2022.
             Was a Follower of Jiyva.
             Slain by a naga
             ... wielding a +0 trident
              (20 damage)
             ... in the Dungeon (Sprint V: "Ziggurat Sprint").
             The game lasted 00:11:51 (546 turns).

enile the Nimble (Felid Summoner)                    Turns: 546, Time: 00:11:52

Health: -3/45      AC:  2    Str:  8    XL:     8   Next: 33%
Magic:  15/19      EV: 29    Int: 20    God:    Jiyva [*.....]
Gold:   0          SH:  0    Dex: 23    Spells: 11/21 levels left
                                        Lives:  0   Deaths: 2

rFire   . . .      SeeInvis +    (weapon unavailable)
rCold   . . .      Faith    .    (shield unavailable)
rNeg    . . .      Spirit   .    (body armour unavailable)
rPois   .          Reflect  .    (helmet unavailable)
rElec   .          Harm     .    (cloak unavailable)
rCorr   .          Rampage  .    (gloves unavailable)
Will    ++...      NoTele   +    (boots unavailable)
Stlth   +++++.....               (no amulet)
HPRegen 0.95/turn                j - ring "Zockocs" {Will+ Str+4}
MPRegen 0.41/turn                q - +6 ring of dexterity

@: lethally poisoned (-3 -> -13), slowed, slow
A: very small, claws 1, fangs 3, see invisible, speed 1, shaggy fur 2, stealthy
paws, no weapons or thrown items, no armour, multi-lived
a: Renounce Religion


You were in the Dungeon.
You worshipped Jiyva.
Jiyva was aware of your devotion.
You visited 1 branch

Inventory:

Jewellery
 j - the ring "Zockocs" (left paw) {Will+ Str+4}
   (You found it in the Dungeon)

   [ring of willpower]

   Str:       It affects your strength (+4).
   Will:      It increases your willpower.
 p - a ring of flight
 q - a +6 ring of dexterity (right paw)
 r - a +6 ring of dexterity
 s - a +6 ring of intelligence
 t - a +6 ring of intelligence
 u - a +6 ring of strength
 v - a +6 ring of strength
Scrolls
 l - 4 scrolls of amnesia
 m - 3 scrolls of butterflies
 n - 5 scrolls of identify
Potions
 a - 8 potions of magic
 b - 10 potions of curing
 d - 5 potions of haste
 e - 2 potions of berserk rage
 g - 2 potions of brilliance
 i - 4 potions of resistance
 k - 3 potions of might
Miscellaneous
 y - a lightning rod (4/4)


   Skills:
 - Level 12.0 Fighting
 - Level 12.5 Dodging
 - Level 9.0 Stealth
 - Level 7.0 Spellcasting
 - Level 7.2 Summonings
 + Level 4.0 Air Magic
 - Level 12.0 Evocations


You had 11 spell levels left.
You knew the following spells:

 Your Spells              Type           Power      Damage    Failure   Level
a - Summon Small Mammal   Summ           100%       N/A       1%          1
b - Call Imp              Summ           36%        N/A       1%          2
c - Summon Lightning Spi  Summ/Air       29%        N/A       10%         4
d - Call Canine Familiar  Summ           36%        N/A       1%          3

Your spell library contained the following spells:

 Spells                   Type           Power      Damage    Failure   Level
 Summon Guardian Golem    Hex/Summ       21%        N/A       6%          3
 Ignite Poison            Fire/Tmut/Pois 7%         N/A       28%         3
 Summon Forest            Summ/Tloc      10%        N/A       52%         5
 Hailstorm                Conj/Ice       7%         3d4       67%         4
 Passage of Golubria      Tloc           7%         N/A       67%         4
 Silence                  Hex/Air        7%         N/A       75%         5
 Manifold Assault         Tloc           7%         N/A       95%         5
 Dispersal                Tloc           3%         N/A       100%        6
 Lehudib's Crystal Spear  Conj/Erth      3%         10d3      100%        8


Dungeon Overview and Level Annotations

Branches:
Dungeon (1/1)

Altars:
Ashenzari
Cheibriados
Dithmenos
Elyvilon
Fedhas
Gozag
Hepliaklqana
Kikubaaqudgha
Makhleb
Nemelex Xobeh
Okawaru
Qazlal
Ru
Sif Muna
Trog
Uskayaw
Vehumet
Wu Jian
Xom
Yredelemnul
Zin
The Shining One
Jiyva
Lugonu

Annotations:
D 1 transporter


Innate Abilities, Weirdness & Mutations

You have sharp claws.
You have razor-sharp teeth.
You have supernaturally acute eyesight. (SInv)
You cover ground quickly. (Speed+)
You are covered in thick fur. (AC +2)
Your paws help you pounce on unaware monsters.
You are incapable of wielding weapons or throwing items.
You cannot wear armour.
You gain extra lives every three experience levels.


Message History

Unknown command.
Unknown command.
You don't have any such object.
Evoke which item? (* to show all) (? for menu, Esc to quit)
Okay, then.
Okay, then.
You are seriously poisoned (12 -> 1).
You are slowed.
Your movement speed is slow.
Your attack delay is about 1.5.
Your base attributes are Str 4, Int 20, Dex 17.
You feel much better.
You feel very sick.
The naga mage gestures at you while chanting.
The bolt of poison misses you.
Aiming: Thunderbolt
Press: ? - help, Shift-Dir - straight line, f - naga mage
Aim: a naga mage, wielding a +0 spear and wearing a +0 robe (almost dead, fast, concentrated venom)
The thunderbolt hits the naga mage!
You kill the naga mage!
The thunderbolt hits the naga!
The naga is heavily wounded.
You feel very sick.
The naga no longer looks unusually toxic.
The naga mage spits poison at you. The splash of poison hits you.
You are more poisoned.
You have difficulty breathing.
You feel as though you will be slow longer.
The naga mage completely misses you. The naga mage misses you.
Your lightning rod (4/4) has regained two charges.
Your Air Magic skill gained 4 levels and is now at level 4!
Casting: Summon Lightning Spire (quite dangerous; 10% risk of failure)
Confirm with . or Enter, or press ? or * to list all spells.
Okay, then.
Casting: Summon Lightning Spire (quite dangerous; 10% risk of failure)
Confirm with . or Enter, or press ? or * to list all spells.
An electric hum fills the air.
You feel extremely sick. The naga mage completely misses you.
The naga hits you from afar with a +0 trident!!
You die...

▓..))=...▓B.[.....▓
▓...m...†▓..§p[...▓
▓..).m...▓........▓
▓.(......▓........▓
▓.▓.†..▓.▓....c...▓
▓...©....▓...©...p▓
▓▓▓▓▓▓▓▓▓▓▓▓▓▓▓▓▓▓▓
▓..8©8..▓ ▓..=@)..▓
▓..=:|..▓ ▓.8NN...▓
▓...b...▓ ▓.......▓
▓.......▓ ▓.▓...▓.▓
▓...©...▓ ▓▓▓▓▓▓▓▓▓


You could see a naga mage (fast, curare, ally target), a naga and a friendly
lightning spire (summoned).

Vanquished Creatures
  2 toenail golems (D)
  2 draconians (D)
  2 naga magi (D)
  2 merfolk (D)
  A jumping spider (D)
  A water moccasin (D)
  2 scorpions (D)
  An adder (D)
13 creatures vanquished.

Vanquished Creatures (collateral kills)
  A scorpion (D)
1 creature vanquished.

Vanquished Creatures (others)
  2 azure jellies (D)
  A slime creature (D)
  2 jellies (D)
5 creatures vanquished.

Grand Total: 19 creatures vanquished

Notes
Turn   | Place    | Note
-------+----------+-------------------------------------------
     0 | D        | enile the Felid Summoner began the quest for the Orb.
     0 | D        | Reached XP level 1. HP: 7/7 MP: 4/4
     0 | D        | Found a shimmering blue altar of Sif Muna.
     0 | D        | Found a sacrificial altar of Ru.
     0 | D        | Found a bloodstained altar of Trog.
     0 | D        | Found a stormy altar of Qazlal.
     0 | D        | Found an iron altar of Okawaru.
     0 | D        | Found a sparkling altar of Nemelex Xobeh.
     0 | D        | Found a blossoming altar of Fedhas.
     0 | D        | Found the +6 Majin-Bo {vamp, MP+6 Int+6}
     0 | D        | Found the +9 heavy crossbow "Sniper" {vorpal, Acc+∞ SInv}
     0 | D        | Found the +10 dark maul {vorpal}
     0 | D        | Found the +15 Maxwell's patent armour {-Cast -Tele rElec
                  | Will+ rCorr}
     0 | D        | Found the +18 shield of the Gong {rElec rN+ Will+ EV-5}
     0 | D        | Found the +14 obsidian axe {vorpal, Mesm Drain Fly SInv}
     0 | D        | Found the +7 great mace "Firestarter" {inner flame, rF++}
     0 | D        | Found the +6 shillelagh "Devastator" {shatter}
     0 | D        | Found the +11 plutonium sword {Contam Stlth-}
     0 | D        | Found the +8 lance "Wyrmbane" {slay drac, rPois rF+ rC+
                  | AC+3}
     0 | D        | Found the +9 sword of Zonguldrok {reap}
     0 | D        | Found the +13 scythe of Curses {drain, Drain}
     0 | D        | Found the +5 sword of Power {vorpal}
     0 | D        | Found the +7 mace of Variability {chain chaos}
     0 | D        | Found the +7 Singing Sword {vorpal, sonic wave}
     0 | D        | Found the +8 storm bow {elec, penet}
     2 | D        | Found a transporter.
     2 | D        | Found an ancient bone altar of Kikubaaqudgha.
     2 | D        | Found a viscous altar of Jiyva.
     2 | D        | Found a corrupted altar of Lugonu.
     2 | D        | Found a hazy altar of Hepliaklqana.
     2 | D        | Found a burning altar of Makhleb.
     2 | D        | Found an opulent altar of Gozag.
    41 | D        | Became a worshipper of Jiyva Juyf the Shapeless
    42 | D        | Killed a slime creature
    42 | D        | Killed an azure jelly
    42 | D        | Killed an azure jelly
    53 | D        | Reached XP level 2. HP: 15/15 MP: 6/6
    77 | D        | Learned a level 2 spell: Call Imp
    79 | D        | Entered arena 2.
    79 | D        | Noticed a draconian
    79 | D        | Noticed a draconian
    79 | D        | Found a transporter.
    89 | D        | Killed a draconian
    90 | D        | Reached skill level 10 in Dodging
    90 | D        | Reached skill level 5 in Spellcasting
    90 | D        | Reached XP level 3. HP: 11/18 MP: 2/11
    90 | D        | Reached XP level 4. HP: 14/22 MP: 2/12
    90 | D        | Reached XP level 5. HP: 16/25 MP: 2/14
    90 | D        | Gained mutation: You are covered in thick fur. (AC +2)
                  | [Felid growth]
    90 | D        | Reached XP level 6. HP: 18/28 MP: 2/15
   101 | D        | Killed a draconian
   102 | D        | Reached XP level 7. HP: 21/39 MP: 2/16
   244 | D        | Got the ring "Zockocs" {Will+ Str+4}
   252 | D        | Learned a level 4 spell: Summon Lightning Spire
   254 | D        | Entered arena 3.
   254 | D        | Noticed a toenail golem
   254 | D        | Noticed a toenail golem
   254 | D        | Noticed a toenail golem
   254 | D        | Found a transporter.
   265 | D        | Got the Book of Terror
   304 | D        | Entered arena 4.
   304 | D        | Noticed a jumping spider
   304 | D        | Found a transporter.
   304 | D        | Reached * piety under Jiyva
   309 | D        | Reached skill level 10 in Fighting
   309 | D        | Reached skill level 5 in Evocations
   348 | D        | Killed a jumping spider
   349 | D        | Reached XP level 8. HP: 32/43 MP: 8/17
   349 | D        | Killed a toenail golem
   350 | D        | Reached skill level 10 in Evocations
   372 | D        | Killed a toenail golem
   391 | D        | Entered arena 5.
   391 | D        | Noticed a merfolk
   391 | D        | Noticed a merfolk
   391 | D        | Noticed a merfolk
   391 | D        | Noticed a merfolk
   391 | D        | Found a transporter.
   410 | D        | Killed a merfolk
   415 | D        | Killed a merfolk
   416 | D        | Reached XP level 9. HP: 39/49 MP: 11/20
   425 | D        | Slain by a merfolk
   426 | D        | Reached XP level 8. HP: -1/67 MP: 14/19
   499 | D        | Learned a level 3 spell: Call Canine Familiar
   515 | D        | Slain by a merfolk
   516 | D        | Reached XP level 7. HP: -2/42 MP: 8/18
   527 | D        | Entered arena 6.
   527 | D        | Noticed a yaktaur captain
   527 | D        | Noticed an entropy weaver
   527 | D        | Identified the amulet "Guarus" {Acrobat rCorr Int+3}
   527 | D        | Noticed an ironbound convoker
   527 | D        | Noticed a vault warden
   527 | D        | Found a transporter.
   529 | D        | Got the Enchiridion on Warped Graupel
   529 | D        | HP: 2/42 [yaktaur captain/staff of air (10)]
   532 | D        | Entered arena 7.
   532 | D        | Noticed a naga mage
   532 | D        | Noticed a naga mage
   532 | D        | Noticed a naga mage
   539 | D        | Killed a naga mage
   540 | D        | Reached XP level 8. HP: 23/45 MP: 16/19
   542 | D        | Found a transporter.
   542 | D        | HP: 1/45 [naga mage/bolt of poison (26)]
   545 | D        | Killed a naga mage
   546 | D        | Slain by a naga

Illustrated notes

Levels and vault maps discovered:
D:        sprint_v [room_start, room_1, room_2, room_3, room_4, room_5, room_6,
          room_7, room_8, room_9, room_10, room_11, room_12, room_13, room_14,
          room_15, room_16, room_17, room_18, room_19, room_20, room_21,
          room_22, room_23, room_24, room_25, room_26, room_27]

Skill      XL: |  1  2  3  4  5  6  7  8 |
---------------+-------------------------+-----
Fighting       | 4 9 10 12 | 12.0
Dodging        | 6 10 12 | 12.5
Evocations     | 4 12 11 | 12.0
Stealth        | 9 |  9.0
Spellcasting   | 5 7 |  7.0
Summonings     | 7 |  7.2
Air Magic      | 4 |  4.0

Action                   |  1- 3 |  4- 6 |  7- 9 || total
-------------------------+-------+-------+-------++-------
Melee: Unarmed           |       |     2 |    12 ||    14
 Cast: Call Imp          |     2 |     1 |     6 ||     9
       Summon Lightning  |       |       |    11 ||    11
       Call Canine Famil |       |       |     1 ||     1
Evoke: Wand              |     6 |     5 |     3 ||    14
       Lightning rod     |       |       |    25 ||    25
  Use: Potion            |     1 |     3 |    13 ||    17
       Scroll            |     1 |       |     9 ||    10
 Stab: Invisible         |       |       |     2 ||     2
Dodge: Dodged            |     3 |     6 |    84 ||    93

Table legend: (Time is in decaauts)
 A = Elapsed time spent in this place.
 B = Non-inter-level travel time spent in this place.
 C = Inter-level travel time spent in this place.
 D = Time resting spent in this place.
 E = Time spent auto-exploring this place.
 F = Levels seen in this place.
 G = Mean time per level.
                   A        B        C        D        E       F      G
               +--------+--------+--------+--------+--------+-----+--------+
         Total |    494 |    494 |      0 |     78 |    154 |   1 |  494.0 |
       Dungeon |    494 |    494 |      0 |     78 |    154 |   1 |  494.0 |
               +--------+--------+--------+--------+--------+-----+--------+

Top non-repeatable levels by time:
       D: 494 daAuts
